AoeStats
← matt

Migration

505604412Analyzed
1v1 RM · 22d ago on Sep 10, 2026· 26m 3s· 2 players
Game mode
Random Map
Map size
132×132
Population
200
Speed
Normal
Resources
Standard
Victory
Conquest
Starting age
Dark Age
Ending age
Imperial Age
RankedLock teamsTeams togetherTeam positionsShared explorationLock speedFull tech treeHidden civsTurbo modeCheats
Victory
Defeat
🇮🇳 Koreans · India
315
+15
🇳🇿 Berbers · New Zealand
294
-15
matt
14:15 Loom
16:48 Feudal Age
20:10 Wheelbarrow
19:23 Town Watch
dertt_tt
9:20 Feudal Age
9:47 Double-Bit Axe
14:15 Fishing Lines
20:16 Castle Age
20:11 Gold Mining
20:12 Stone Mining
23:24 Bow Saw
25:45 Clinker Construction
25:48 Careening
25:42 Town Watch
Connection lost

Rejoining the realm…

Still unreachable

The connection could not be restored.

Session expired

The server has moved on; the page needs a fresh start.